 Dungeon Crawl Stone Soup version 0.24-a0-169-g71aafec (webtiles) character file.

Game seed: 669013088589184465

92 DrChives the Chopper (level 4, -2/36 HPs)
             Began as a Demonspawn Berserker on Mar 7, 2019.
             Was a Believer of Trog.
             Slain by a goblin
             ... wielding a +0 club
             ... led by Robin
              (6 damage)
             ... on level 2 of the Dungeon.
             The game lasted 00:04:12 (903 turns).

DrChives the Chopper (Demonspawn Berserker)          Turns: 903, Time: 00:04:13

Health: -2/36      AC:  4    Str: 19    XL:     4   Next: 35%
Magic:  4/4        EV: 12    Int:  8    God:    Trog [**....]
Gold:   28         SH:  0    Dex: 12    Spells: 3/3 levels left

rFire    . . .     SeeInvis .   a - +0 hand axe
rCold    . . .     Gourm    .   (no shield)
rNeg     . . .     Faith    .   b - +0 animal skin
rPois    .         Spirit   .   (no helmet)
rElec    .         Reflect  .   (no cloak)
rCorr    .         Harm     .   (no gloves)
MR       .....                  (no boots)
Stlth    +.........             (no amulet)
HPRegen  0.12/turn              (no ring)
MPRegen  0.09/turn              (no ring)

@: no status effects
A: thin metallic scales 1, demonic guardian 2
a: Berserk, Trog's Hand, Renounce Religion


You were on level 2 of the Dungeon.
You worshipped Trog.
Trog was pleased with you.
You were hungry.

You visited 1 branch of the dungeon, and saw 2 of its levels.

You collected 28 gold pieces.

Inventory:

Hand Weapons
 a - a +0 hand axe (weapon)
Armour
 b - a +0 animal skin (worn)
Scrolls
 d - a scroll of noise {unknown}
 f - a scroll of identify {unknown}
Potions
 e - a potion of degeneration {unknown}
Comestibles
 c - 2 rations


   Skills:
 + Level 3.6 Fighting
 + Level 3.9 Axes
 + Level 2.0 Armour
 + Level 2.2 Dodging
 + Level 0.3 Stealth


You had 3 spell levels left.
You didn't know any spells.
Your spell library was empty.

Dungeon Overview and Level Annotations

Branches:
Dungeon (2/15)

Altars:


Innate Abilities, Weirdness & Mutations

You are partially covered in thin metallic scales. (AC +2)
A demonic guardian rushes to your aid.


Message History

You feel sick.
You are no longer poisoned.
Found a pink potion.
The goblin shouts!
The goblin zaps a wand.
The puff of flame misses you.
The goblin zaps a wand.
The puff of flame hits you!
* * * LOW HITPOINT WARNING * * *
Found a stone staircase leading down.
e - a pink potion The goblin zaps a wand.
The puff of flame hits you!
* * * LOW HITPOINT WARNING * * *
You feel a little less mighty now. The goblin barely misses you.
You hit the goblin.
The goblin is moderately wounded.
The goblin misses you.
You hit the goblin.
The goblin is heavily wounded.
The goblin hits you with a +0 club.
You die...

.##### ..##..#.#
...... .........
.# #....g##.# .#
#####.....##..## .
.#
#.)).<#........#
.. .# #)###.#.#.#
..# #.. .# #)#
#.....# #.# ..
.####)#
#.....####.#.###.#
....†.#
#......g@.........
.######
#....#####...####.
.#
#...........>....
.#
#.#.#.####..#####
.# #.#.#.# #..# .#
....#.# #... .#
.#.###.# #..## .#
#.#. .# #..# # .#


You could see a goblin.

Vanquished Creatures
  Robin (D:2)
  A worm (D:2)
  A bat (D:2)
  8 goblins
  6 hobgoblins (D:2)
  4 jackals
  A quokka (D:2)
  A ball python (D:1)
  4 frilled lizards
  A kobold (D:2)
  5 rats
33 creatures vanquished.

Vanquished Creatures (collateral kills)
  A hound (D:2)
  4 gnolls (D:2)
5 creatures vanquished.

Grand Total: 38 creatures vanquished

Notes
Turn   | Place    | Note
-------+----------+-------------------------------------------
     0 | D:1      | DrChives the Demonspawn Berserker began the quest for the
                  | Orb.
     0 | D:1      | Reached XP level 1. HP: 18/18 MP: 1/1
   248 | D:1      | Gained mutation: A weak demonic guardian rushes to your
                  | aid. [demonic ancestry]
   248 | D:1      | Reached XP level 2. HP: 18/24 MP: 2/2
   432 | D:2      | Gained mutation: You are partially covered in thin metallic
                  | scales. (AC +2) [demonic ancestry]
   432 | D:2      | Reached XP level 3. HP: 10/29 MP: 3/3
   659 | D:2      | Reached ** piety under Trog
   826 | D:2      | Noticed Robin
   827 | D:2      | Gained mutation: A demonic guardian rushes to your aid.
                  | [demonic ancestry]
   827 | D:2      | Reached XP level 4. HP: 24/35 MP: 4/4
   839 | D:2      | Killed Robin
   903 | D:2      | Slain by a goblin

Levels and vault maps discovered:
D:1:      dpeg_arrival_brainrot, layout_loops_cross
D:2:      layout_basic, lemuel_crystal_altar, nicolae_ru_path_of_blood,
          uniq_robin

Skill      XL: |  1  2 |
---------------+-------+-----
Armour         | 2 |  2.0
Axes           | 3 |  3.9
Dodging        | 2 |  2.2
Fighting       | |  3.6
Stealth        | |  0.3

Action                   |  1- 3 |  4- 6 || total
-------------------------+-------+-------++-------
Melee: Hand axe          |    72 |    19 ||    91
Invok: Berserk           |       |     1 ||     1
  Use: Potion            |       |     2 ||     2
Armor: Animal skin       |    18 |     4 ||    22
Dodge: Dodged            |    71 |    12 ||    83

Table legend:
 A = Non-vault XP
 B = Vault XP
 C = Vault XP percentage of total XP
 D = Non-vault monster count
 E = Vault monster count
 F = Vault count percentage of total count
                 A         B        C        D         E       F
            +---------+---------+-------+---------+---------+-------
      Total |      96 |      36 |  27.3 |      26 |      12 |  31.6
            +---------+---------+-------+---------+---------+-------
        D:1 |      10 |       2 |  16.7 |       8 |       1 |  11.1
        D:2 |      86 |      34 |  28.3 |      18 |      11 |  37.9
            +---------+---------+-------+---------+---------+-------
